 Dungeon Crawl Stone Soup version 0.28-a0-1347-g113dc556a4 (webtiles) character file.

Game seed: 769937161473628986

358 sanka the Vexing (level 6, 23/41 HPs)
             Began as a Demonspawn Enchanter on Dec 29, 2021.
             Quit the game on level 4 of the Dungeon.
             The game lasted 00:06:24 (5654 turns).

sanka the Vexing (Demonspawn Enchanter)             Turns: 5654, Time: 00:06:24

Health: 23/41      AC:  6    Str:  9    XL:     6   Next: 37%
Magic:  9/9        EV: 12    Int: 18    God:
Gold:   147        SH:  0    Dex: 13    Spells: 3/9 levels left

rFire   . . .      SeeInvis .   a - +1 dagger
rCold   . . .      Faith    .   (no shield)
rNeg    . . .      Spirit   .   b - +0 robe
rPois   .          Reflect  .   (no helmet)
rElec   .          Harm     .   (no cloak)
rCorr   .          Rampage  .   (no gloves)
Will    .....                   (no boots)
Stlth   +++.......              (no amulet)
HPRegen 0.13/turn               (no ring)
MPRegen 0.22/turn               h - +4 ring of protection

@: no status effects
A: powered by pain 1, magic regeneration, weakness stinger 1
a: no special abilities


You were on level 4 of the Dungeon.
You visited 1 branch of the dungeon, and saw 4 of its levels.

You collected 147 gold pieces.


Innate Abilities, Weirdness & Mutations

You sometimes gain a little power by taking damage.
You regenerate magic rapidly.
You have a small tail.


   Skills:
 + Level 3.3 Short Blades
 - Level 1.7 Dodging
 + Level 4.6 Stealth
 - Level 2.0 Spellcasting
 + Level 4.8 Hexes


You had 3 spell levels left.
You knew the following spells:

 Your Spells              Type           Power      Damage    Failure   Level
x - Slow                  Hex            76%        N/A       2%          1
z - Ensorcelled Hibernat  Hex/Ice        20%        N/A       10%         2
Z - Confusing Touch       Hex            19%        N/A       8%          3

Your spell library contained the following spells:

 Spells                   Type           Power      Damage    Failure   Level
 Tukima's Dance           Hex            19%        N/A       8%          3
 Dazzling Flash           Conj/Hex       20%        N/A       21%         3
 Conjure Flame            Conj/Fire      1%         6-21      47%         3
 Ignite Poison            Fire/Tmut/Pois 1%         N/A       47%         3
 Vampiric Draining        Necr           1%         2d6       47%         3
 Sticky Flame             Conj/Fire      1%         2d3       87%         4

Inventory:

Hand Weapons
 a - a +1 dagger (weapon)
 o - a +0 long sword
Missiles
 n - 3 throwing nets {=f}
Armour
 b - a +0 robe (worn)
Magical Staves
 v - a staff of conjuration {!a}
Jewellery
 h - a +4 ring of protection (right hand)
Wands
 p - a wand of iceblast (7)
Scrolls
 d - a scroll of teleportation {unknown}
 e - 3 scrolls of identify {unknown}
 l - a scroll of enchant weapon {unknown}
 q - a scroll of fog {unknown}
 r - 2 scrolls of blinking {unknown}
 s - a scroll of fear {unknown}
 u - a scroll of noise {unknown}
 w - 2 scrolls of immolation {unknown}
 y - a scroll of magic mapping {unknown}
Potions
 c - a potion of invisibility
 f - a potion of attraction {unknown}
 g - a potion of magic {unknown}
 i - a potion of ambrosia {unknown}
 j - a potion of mutation {unknown}
 k - a potion of degeneration {unknown}
 m - 2 potions of heal wounds {unknown}
 t - a potion of curing {unknown}
 x - a potion of lignification {unknown}
 z - a potion of might {unknown}

Dungeon Overview and Level Annotations

Branches:
Dungeon (4/15)
 Temple: D:4-7

Altars:
Nemelex Xobeh

Shops:
D:4

( ...▒ ▒.▒ ▒((..(.∩.▒▒▒▒.▒ ...▒
▒.▒ ▒...(.(▒.▒ ▒.. ...▒▒▒▒▒.▒▒
▒▒▒▒▒▒▒▒.▒▒▒▒▒. .........▒▒▒
.........▒.....
...▒▒▒▒▒▒▒▒▒▒▒▒▒▒▒▒▒▒▒▒▒..▒▒▒.▒▒.
...▒ ▒▒▒......<.....▒▒▒.▒ ▒.▒▒▒
...▒ ▒.▒▒▒▒▒....▒▒▒ ▒.▒ ▒.▒ ▒
...▒ ▒.▒ ▒......▒▒▒.▒▒▒.▒▒▒ ...▒
▒.▒ ▒6........▒....▒.. ...▒ ▒.▒
▒......▒▒.▒.▒▒.▒.▒ ▒▒▒▒
▒▒▒▒▒.▒▒▒▒▒......▒▒.▒.▒..▒..
▒........>o.▒▒▒▒▒▒▒.▒.▒▒.▒..
▒...▒.▒▒▒▒▒.▒ ▒.▒.▒.....
▒...▒.......▒ ▒.▒.▒▒▒▒▒▒
........†▒▒▒▒▒▒▒.▒ ▒.▒.▒▒
...▒▒▒..... ▒▒▒ ▒.▒..▒ . ....▒▒▒▒
▒.▒▒.▒▒


You could see an orc (wandering).


Message History

The helpless quokka fails to defend itself.
You impale the quokka!!
You kill the quokka!
The orc warrior resists with some effort.
The orc warrior resists with some effort.
The orc warrior closely misses you.
The orc warrior looks drowsy...
The helpless orc warrior fails to defend itself.
You impale the orc warrior!!
The orc warrior is almost dead.
The orc warrior hits you with a +2 vorpal long sword!
There is an escape hatch in the floor here.
The orc warrior is unaffected.
The orc warrior hits you with a +2 vorpal long sword.
* * * LOW HITPOINT WARNING * * *
* * * LOW HITPOINT WARNING * * *
Aiming: Iceblast The mass of ice explodes!
The iceblast engulfs the orc warrior!!
You kill the orc warrior!
You have reached level 6!
Your demonic ancestry asserts itself...
You grow a small tail.
Unknown command.
Things that are here:
a +2 vorpal long sword; a +0 chain mail You start resting.
Magic restored.
An orc comes into view.
It is wielding a +1 falchion of flaming.
Are you sure you want to abandon this character and quit the game? (Confirm with "yes".)

Action                   |  1- 3 |  4- 6 || total
-------------------------+-------+-------++-------
Melee: Dagger            |   257 |   117 ||   374
 Cast: Ensorcelled Hiber |     9 |    31 ||    40
Evoke: Wand              |       |     1 ||     1
 Stab: Sleeping          |    12 |    26 ||    38
       Distracted        |     1 |       ||     1
Armor: Robe              |   109 |    34 ||   143
Dodge: Dodged            |   202 |    91 ||   293

Levels and vault maps discovered:
D:1:      lightli_arrival_chessboard, layout_basic,
          ebering_ecumenical_altar_hall, nrook_uturn
D:2:      layout_loops_cross, basic_altar
D:3:      layout_basic, serial_curves, eino_curves_04, eino_curves_01,
          kennysheep_generic_room_3
D:4:      layout_basic, serial_co_window_serial, co_window_paths_b,
          co_window_paths_a, co_window_paths_a, co_window_corner_a,
          co_window_corner_a, co_window_corner_a, co_window_corner_a,
          co_window_corner_b, co_window_2corner, co_window_broadway_c,
          co_window_broadway_b, nicolae_shop_firing_range

Notes
Turn   | Place    | Note
-------+----------+-------------------------------------------
     0 | D:1      | sanka the Demonspawn Enchanter began the quest for the Orb.
     0 | D:1      | Reached XP level 1. HP: 13/13 MP: 3/3
   193 | D:1      | Reached skill level 1 in Short Blades
   517 | D:1      | Gained mutation: You sometimes gain a little power by
                  | taking damage. [demonic ancestry]
   517 | D:1      | Reached XP level 2. HP: 6/19 MP: 5/5
   584 | D:1      | Reached skill level 3 in Stealth
   840 | D:1      | Learned a level 2 spell: Ensorcelled Hibernation
   842 | D:1      | Learned a level 1 spell: Slow
  1609 | D:1      | Gained mutation: You regenerate magic rapidly. [demonic
                  | ancestry]
  1609 | D:1      | Reached XP level 3. HP: 17/24 MP: 6/6
  2058 | D:1      | Found a faded altar of an unknown god.
  2669 | D:2      | Reached skill level 2 in Short Blades
  2769 | D:2      | Found a sparkling altar of Nemelex Xobeh.
  2804 | D:2      | Reached XP level 4. HP: 30/30 MP: 7/7
  4117 | D:4      | Reached skill level 4 in Hexes
  4205 | D:4      | Learned a level 3 spell: Confusing Touch
  4274 | D:4      | Reached XP level 5. HP: 29/35 MP: 8/8
  4349 | D:4      | Reached skill level 4 in Stealth
  4520 | D:4      | Found Vuil Awy's Firing Range.
  4639 | D:4      | Reached skill level 3 in Short Blades
  5580 | D:4      | Noticed an orc warrior
  5601 | D:4      | Killed an orc warrior
  5602 | D:4      | Gained mutation: You have a small tail. [demonic ancestry]
  5602 | D:4      | Reached XP level 6. HP: 16/41 MP: 4/9
  5654 | D:4      | Quit the game

Vanquished Creatures
  An orc warrior (D:4)
  A howler monkey (D:4)
  2 orc priests (D:4)
  An orc wizard (D:4)
  5 adders
  3 worms (D:2)
  A dart slug (D:1)
  5 orcs
  8 bats
  5 endoplasms
  7 giant cockroaches
  3 hobgoblins
  7 jackals
  2 quokkas
  3 training dummies (D:4)
  6 ball pythons
  4 frilled lizards
  6 goblins
  7 kobolds
  4 rats
81 creatures vanquished.
